Map: [TLMC15] Pride of Altaris

Players

Cure - Winner!

  • Race: Terran Terran

Zest

  • Race: Protoss Protoss

Event: DreamHack SC2 Masters Last Chance 2022

VOD

Have the link to the VOD?

Description

Time

  • Played on: Jan. 15, 2022, 9:43 a.m.
  • Length: 12:42

All games in this series

Show
View Real Time Build Order
Export as new Build Order

Cure Terran - Winner!

Build Orders:  

Get SALT Encoding   

  12  0:00  SCV  
  13  0:12  SCV  
  14  0:17  Supply Depot  
  14  0:24  SCV  
  15  0:39  SCV  
  15  0:40  Barracks  
  15  0:42  Refinery  
  16  0:51  SCV  
  17  1:03  SCV  
  18  1:15  SCV  
  19  1:27  Barracks Reactor, Orbital Command  
  19  1:39  Command Center  
  19  1:48  Supply Depot  
  19  1:53  SCV  
  20  2:04  Marine x2  
  20  2:05  SCV  
  23  2:12  Barracks  
  23  2:17  SCV  
  23  2:21  Marine  
  26  2:22  Reaper  
  26  2:25  Barracks  
  26  2:29  SCV  
  27  2:33  Refinery  
  27  2:39  Marine  
  27  2:41  SCV  
  29  2:51  Orbital Command  
  29  2:54  SCV  
  30  2:59  Barracks Tech Lab  
  30  3:00  Marine x2  
  32  3:06  SCV  
  33  3:13  Barracks Tech Lab  
  33  3:17  SCV  
  33  3:18  SCV  
  35  3:20  Stimpack  
  35  3:25  Marine x2  
  37  3:27  Marine  
  37  3:30  SCV x2  
  40  3:34  Combat Shield  
  40  3:35  Marine  
  40  3:42  SCV x2  
  40  3:43  Marine  
  40  3:45  Supply Depot  
  40  3:46  Marine  
  40  3:47  Supply Depot  
  44  3:55  SCV x2  
  46  4:07  Marauder x2, Marine  
  46  4:08  SCV x2  
  53  4:10  Supply Depot  
  53  4:13  Marine  
  53  4:16  Engineering Bay  
  54  4:21  SCV x2  
  56  4:28  Marine x3  
  56  4:31  Marine  
  60  4:33  Bunker  
  60  4:34  SCV x2  
  60  4:37  Supply Depot  
  62  4:43  Terran Infantry Weapons Level 1  
  59  4:48  Marauder x2, Marine x2  
  63  4:52  SCV  
  60  5:01  Factory  
  60  5:05  SCV x2  
  62  5:10  Marauder, Marine x2  
  66  5:18  SCV x2  
  68  5:21  Concussive Shells  
  68  5:23  Marauder  
  68  5:25  Supply Depot  
  68  5:28  Missile Turret  
  70  5:31  Marine  
  70  5:32  Marauder  
  70  5:33  Marine  
  74  5:37  Supply Depot, SCV  
  74  5:39  SCV  
  76  5:44  Marauder  
  76  5:45  Starport  
  76  5:46  Factory Reactor  
  78  5:50  Marine  
  78  5:51  Marine  
  78  5:53  Marauder  
  82  5:59  Command Center  
  82  6:06  Marauder  
  82  6:08  Refinery  
  82  6:10  Refinery  
  84  6:12  Marine x2  
  84  6:13  SCV x2  
  84  6:15  Supply Depot  
  84  6:16  Supply Depot  
  87  6:20  Marauder  
  87  6:25  SCV x2  
  91  6:29  Factory Reactor  
  91  6:32  Marauder, Marine  
  94  6:36  Supply Depot, Marine  
  94  6:37  Medivac x2  
  98  6:41  Marauder  
  99  6:48  Terran Infantry Armor Level 1  
  99  6:55  SCV x2  
  99  6:58  Barracks x2  
  99  7:00  Marine  
  99  7:01  Marauder  
  99  7:02  Marauder  
  99  7:08  Medivac x2  
  105  7:12  Widow Mine x2  
  106  7:20  Orbital Command  
  104  7:25  Marauder x2  
  104  7:26  Marine  
  104  7:27  Marine  
  109  7:31  SCV x2  
  111  7:38  Widow Mine x2  
  111  7:43  Medivac x2  
  117  7:47  Marauder x2, Barracks Tech Lab, Barracks Reactor, Marine  
  117  7:48  Marine  
  123  8:01  Orbital Command  
  123  8:02  Supply Depot x2  
  123  8:08  Marauder x3, Marine x2  
  131  8:13  Widow Mine  
  131  8:16  Widow Mine  
  131  8:18  Supply Depot  
  128  8:20  SCV x2  
  128  8:26  Marine x2  
  123  8:29  Marine x2  
  123  8:30  Marauder  
  123  8:32  Marine x2  
  123  8:33  SCV x2  
  127  8:36  SCV  
  128  8:43  Marine x2  
  128  8:45  SCV  
  128  8:47  Marauder x2  
  128  8:49  Marine x2  
  128  8:51  Marauder  
  130  8:58  Missile Turret  
  130  9:01  Marine x2  
  130  9:07  Marine x2  
  130  9:09  Marauder x2  
  133  9:12  Marauder  
  133  9:14  Missile Turret  
  132  9:17  Missile Turret  
  132  9:19  Marine  
  132  9:20  Missile Turret  
  132  9:22  Widow Mine x2  
  135  9:25  Bunker  
  135  9:27  SCV x3  
  135  9:30  Marauder x2  
  142  9:32  Marine x2  
  142  9:33  Medivac x2  
  142  9:34  Supply Depot  
  148  9:42  Marine x2  
  148  9:43  Marauder, Widow Mine x2  
  148  9:44  Supply Depot  
  156  9:50  Marine  
  156  9:52  Marine  
  147  10:08  Marauder x2, Marine x4  
  147  10:10  Medivac x2  
  147  10:12  Widow Mine  
  147  10:13  Widow Mine  
  155  10:14  Ghost Academy  
  133  10:24  Marine  
  133  10:26  Marauder, Marine x3  
  122  10:30  Marauder x2  
  122  10:34  Widow Mine x2  
  126  10:40  Medivac  
  128  10:43  Marine  
  128  10:44  Marine x2  
  128  10:45  Enhanced Shockwaves  
  128  10:47  Medivac  
  128  10:48  Marauder  
  135  10:50  Marine  
  135  10:51  Marauder x2  
  140  10:57  Armory  
  140  10:58  Engineering Bay  
  140  10:59  Widow Mine x2  
  140  11:00  Marine  
  145  11:06  Marine x2  
  145  11:09  Marauder  
  149  11:13  Marauder x2, Medivac  
  149  11:17  Medivac  
  155  11:24  Widow Mine x2, Marine  
  160  11:28  Marine x3  
  160  11:30  Ghost  
  161  11:33  Ghost  
  158  11:41  Ghost  
  158  11:42  Marine  
  158  11:46  Marine x3  
  153  11:48  Widow Mine x2  
  146  11:58  Ghost  
  146  12:00  Marine  
  145  12:02  Marauder  
  145  12:04  Marine x3  
  144  12:10  Marauder  
Show
View Real Time Build Order
Export as new Build Order

Zest Protoss 

Build Orders: 1 Gate Expand, Blink Stalkers, Chargelot Immortal 

Get SALT Encoding   

  12  0:00  Probe  
  13  0:12  Probe  
  14  0:16  Pylon  
  14  0:24  Probe (Chrono Boost)  
  15  0:36  Gateway, Probe (Chrono Boost)  
  16  0:43  Probe (Chrono Boost)  
  16  0:46  Assimilator  
  17  0:51  Probe  
  18  1:03  Probe  
  19  1:15  Probe  
  20  1:23  Cybernetics Core  
  20  1:32  Nexus  
  20  1:35  Probe  
  21  1:41  Pylon  
  21  1:47  Probe  
  21  1:50  Assimilator  
  22  1:57  Adept (Chrono Boost)  
  22  1:59  Probe, Warp Gate (Chrono Boost)  
  25  2:11  Probe  
  26  2:21  Twilight Council  
  26  2:23  Probe  
  26  2:29  Stalker  
  29  2:35  Probe  
  30  2:42  Gateway  
  30  2:45  Probe  
  30  2:49  Probe  
  30  2:51  Blink (Chrono Boost)  
  32  2:57  Probe  
  33  3:01  Probe  
  34  3:06  Stalker  
  34  3:09  Probe  
  37  3:13  Probe  
  38  3:21  Probe  
  38  3:25  Probe  
  40  3:33  Probe  
  39  3:37  Probe  
  39  3:43  Stalker  
  39  3:44  Stalker  
  39  3:46  Probe  
  44  3:49  Probe, Pylon  
  45  3:58  Nexus, Probe  
  45  4:01  Pylon  
  46  4:07  Probe  
  46  4:09  Stalker  
  49  4:10  Stalker  
  51  4:18  Robotics Facility  
  51  4:19  Probe  
  51  4:20  Probe  
  51  4:23  Assimilator  
  53  4:24  Assimilator  
  53  4:31  Probe  
  53  4:32  Probe  
  55  4:38  Sentry  
  55  4:39  Sentry  
  55  4:40  Pylon  
  55  4:44  Probe  
  55  4:45  Probe  
  61  4:56  Probe  
  61  4:58  Probe  
  63  5:02  Gateway x2  
  63  5:08  Probe  
  63  5:10  Probe  
  63  5:11  Probe  
  66  5:18  Gateway  
  66  5:20  Probe  
  67  5:21  Forge  
  67  5:22  Gateway, Probe  
  67  5:24  Probe, Sentry  
  67  5:25  Observer (Chrono Boost), Sentry  
  74  5:29  Pylon  
  74  5:32  Probe, Shield Battery  
  75  5:37  Probe x2  
  75  5:38  Pylon  
  75  5:40  Observer  
  75  5:41  Charge (Chrono Boost)  
  78  5:44  Probe  
  78  5:49  Probe  
  81  5:50  Assimilator, Probe  
  81  5:52  Gateway, Protoss Ground Weapons Level 1 (Chrono Boost)  
  81  5:54  Gateway  
  81  5:55  Dark Shrine  
  81  6:02  Immortal (Chrono Boost)  
  81  6:09  Pylon  
  85  6:11  Observer  
  85  6:24  Stalker x2, Observer, Colossus (Chrono Boost)  
  85  6:25  Stalker x3  
  94  6:34  Immortal (Chrono Boost)  
  94  6:35  Pylon  
  98  6:40  Gateway  
  98  6:49  Shield Battery  
  98  6:51  Pylon  
  98  6:59  Colossus (Chrono Boost)  
  98  7:00  Stalker  
  98  7:01  Zealot x7  
  110  7:08  Immortal  
  116  7:09  Gateway  
  116  7:10  Shadow Stride (Chrono Boost)  
  116  7:18  Probe x3  
  116  7:21  Assimilator  
  119  7:30  Probe x3, Pylon  
  119  7:32  Pylon  
  119  7:34  Pylon  
  121  7:45  Warp Prism (Chrono Boost)  
  121  7:47  Protoss Ground Armor Level 1 (Chrono Boost)  
  123  7:59  Pylon  
  123  8:01  Photon Cannon  
  123  8:04  Zealot x9  
  137  8:13  Zealot  
  107  8:37  Dark Templar x2  
  107  8:38  Dark Templar x8  
  115  8:53  Immortal (Chrono Boost)  
  105  8:59  Nexus  
  109  9:19  Zealot x10  
  125  9:25  Immortal (Chrono Boost)  
  125  9:30  Pylon  
  129  9:32  Pylon  
  129  9:35  Pylon  
  129  9:40  Stalker x9  
  129  9:41  Stalker  
  147  9:46  Protoss Ground Weapons Level 2 (Chrono Boost)  
  117  10:08  Dark Templar x2  
  117  10:09  Dark Templar x4  
  117  10:10  Probe x2  
  117  10:11  Probe  
  84  10:29  Warp Prism (Chrono Boost)  
  84  10:33  Zealot x4  
  82  10:42  Zealot x5  
  92  10:47  Gateway  
  92  10:50  Gateway  
  92  10:51  Gateway  
  92  10:54  Stalker x2  
  92  10:55  Stalker x2  
  100  10:59  Immortal (Chrono Boost)  
  104  11:04  Stalker x5  
  112  11:12  Photon Cannon  
  110  11:25  Stalker x2  
  110  11:31  Zealot  
  110  11:32  Zealot x6  
  116  11:33  Immortal  
  112  11:41  Zealot  
  100  11:51  Stalker x3  
  84  11:58  Stalker x5  
  94  12:04  Dark Templar x2  
  96  12:16  Zealot  
  96  12:17  Zealot x2  
  96  12:18  Zealot  
  94  12:25  Zealot x5  

Tags
 
Add a new tag
Caveats
  • Supply blocks, unpowered buildings, or Contaminate may cause inaccurate times.
  • Supply counts are checked every 10 seconds.